 Dungeon Crawl Stone Soup version 0.29.1-1-gd02db6906a (webtiles) character file.

Game seed: 13046025866739350453

256 Descartes the Sneak (level 5, -4/22 HPs)
             Began as a Felid Wanderer on Oct 14, 2022.
             Slain by a gnoll
             ... wielding a +0 spear
             ... led by a gnoll bouda
              (5 damage)
             ... on level 4 of the Dungeon.
             The game lasted 00:08:54 (5280 turns).

Descartes the Sneak (Felid Wanderer)                Turns: 5280, Time: 00:08:55

Health: -4/22      AC:  2    Str: 13    XL:     5   Next: 92%
Magic:  7/8        EV: 18    Int: 11    God:
Gold:   196        SH:  0    Dex: 17    Spells: 4/8 levels left
                                        Lives:  0   Deaths: 1

rFire   . . .      SeeInvis +     - Unarmed
rCold   . . .      Faith    .   (shield unavailable)
rNeg    . . .      Spirit   .   (body armour unavailable)
rPois   .          Reflect  .   (helmet unavailable)
rElec   .          Harm     .   (cloak unavailable)
rCorr   .          Rampage  .   (gloves unavailable)
Will    .....                   (boots unavailable)
Stlth   ++++......              (no amulet)
HPRegen 0.07/turn               (no ring)
MPRegen 0.11/turn               (no ring)

@: appendages, quick
A: horns 2, very small, claws 1, fangs 3, see invisible, speed 1, shaggy fur 2,
stealthy paws, no weapons or thrown items, no armour, multi-lived, low MP 1,
strong 1
a: End Transformation


You were on level 4 of the Dungeon.
You had temporarily grown beastly horns.
You visited 1 branch of the dungeon, and saw 4 of its levels.

You collected 196 gold pieces.

Inventory:

Jewellery
 h - a +6 ring of intelligence
 k - a ring of flight
Scrolls
 a - a scroll of magic mapping {unknown}
 c - 6 scrolls of identify {unknown}
 d - 2 scrolls of fear {unknown}
 e - a scroll of enchant weapon {unknown}
 i - 2 scrolls of blinking {unknown}
 j - a scroll of fog {unknown}
 l - 2 scrolls of teleportation {unknown}
 m - a scroll of vulnerability {unknown}
 n - a scroll of enchant armour {unknown}
 o - a scroll of summoning {unknown}
Potions
 b - 2 potions of curing
 f - 2 potions of might
 g - 2 potions of attraction


   Skills:
 + Level 2.2 Fighting
 * Level 4.1 Dodging
 * Level 7.0 Stealth
 * Level 2.9 Unarmed Combat
 + Level 2.0 Spellcasting
 + Level 2.7 Hexes
 + Level 3.2 Transmutations
 + Level 1.0 Fire Magic
 + Level 0.9 Poison Magic
 - Level 1.0 Invocations


You had 4 spell levels left.
You knew the following spells:

 Your Spells              Type           Power      Damage    Failure   Level
a - Beastly Appendage     Tmut           16%        N/A       8%          1
b - Ignite Poison         Fire/Tmut/Pois 4%         N/A       38%         3

Your spell library contained the following spells:

 Spells                   Type           Power      Damage    Failure   Level
 Freeze                   Ice            4%         1d3       28%         1
 Poisonous Vapours        Pois/Air       4%         N/A       36%         2
 Inner Flame              Hex/Fire       5%         N/A       38%         3
 Frozen Ramparts          Ice            2%         1d1       65%         3
 Gell's Gravitas          Tloc           1%         N/A       65%         3
 Lesser Beckoning         Tloc           1%         N/A       65%         3
 Teleport Other           Tloc           1%         N/A       65%         3
 Cause Fear               Hex            3%         N/A       67%         4
 Corpse Rot               Necr/Pois/Air  1%         N/A       95%         4
 Hailstorm                Conj/Ice       1%         3d3       96%         4
 Discord                  Hex            3%         N/A       100%        8


Dungeon Overview and Level Annotations

Branches:
Dungeon (4/15)
 Temple: D:4-7

Altars:
Kikubaaqudgha

Shops:
D:4 *

Annotations:
D:4 2 runed translucent doors, decrepitue's ghost, amateur NaIE


Innate Abilities, Weirdness & Mutations

You have temporarily grown beastly horns.
You have sharp claws.
You have razor-sharp teeth.
You have supernaturally acute eyesight. (SInv)
You cover ground quickly. (Speed+)
You are covered in thick fur. (AC +2)
Your paws help you pounce on unaware monsters.
You are incapable of wielding weapons or throwing items.
You cannot wear armour.
You gain extra lives every three experience levels.
Your magical capacity is low. (-10% MP)
Your muscles are strong. (Str +4, Int/Dex -1)


Message History

HP restored.
Done exploring.
There is an open door here.
There is an open door here.
There is a stone staircase leading down here.
There is an open door here.
There is an open door here.
You see here 6 poisoned darts.
There is an open door here.
There is a stone staircase leading down here.
You climb downwards.
Level annotation: 2 runed translucent doors, decrepitue's ghost, amateur NaIE
There is a stone staircase leading up here.
A gnoll bouda is nearby!
Casting: Beastly Appendage (safe; 8% risk of failure)
Confirm with . or Enter, or press ? or * to list all spells.
You grow a pair of large bovine horns.
The gnoll shouts!
You scratch the gnoll bouda.
The gnoll bouda is lightly wounded.
The gnoll bouda closely misses you.
You completely miss the gnoll bouda. You headbutt the gnoll bouda!
The gnoll bouda is heavily wounded.
The gnoll bouda barks out a call to the hunt!
The gnolls pick up the pace!
The gnoll hits you from afar with a +0 spear!
You scratch the gnoll bouda but do no damage.
The gnoll bouda is heavily wounded.
The gnoll bouda closely misses you. The gnoll barely misses you.
You barely miss the gnoll bouda. You headbutt the gnoll bouda.
The gnoll bouda is severely wounded.
The gnoll bouda hits you with a +0 whip!
The gnoll hits you from afar with a +0 spear.
* * * LOW HITPOINT WARNING * * *
You are too injured to fight recklessly!
You scratch the gnoll bouda.
The gnoll bouda is almost dead.
The gnoll bouda misses you.
The gnoll hits you from afar with a +0 spear.
You die...

#..# #..#
#..#
########..#
..........#
########.##
#.#
##########.#
....ggg@...#
############


You could see a gnoll bouda and 2 gnolls.

Vanquished Creatures
  Grinder (D:3)
  An ogre (D:4)
  3 vampire bats (D:3)
  An iguana (D:4)
  Robin (D:4)
  2 adders (D:4)
  A dart slug (D:1)
  An orc (D:4)
  3 ball pythons
  2 bats (D:1)
  3 bat skeletons (D:3)
  2 bat zombies (D:3)
  4 endoplasms
  13 goblins
  2 hobgoblins
  2 quokkas (D:2)
  2 frilled lizards (D:1)
  6 kobolds
  3 rats
53 creatures vanquished.

Notes
Turn   | Place    | Note
-------+----------+-------------------------------------------
     0 | D:1      | Descartes the Felid Wanderer began the quest for the Orb.
     0 | D:1      | Descartes set off with the following items: a potion of
                  | might; and the following spell memorised: Beastly
                  | Appendage; and the following spells available to memorise:
                  | Ignite Poison.
     0 | D:1      | Reached XP level 1. HP: 9/9 MP: 3/3
    40 | D:1      | Found a faded altar of an unknown god.
   312 | D:1      | Reached XP level 2. HP: 12/12 MP: 2/4
  1443 | D:3      | Reached skill level 1 in Unarmed Combat
  1655 | D:3      | Found an ancient bone altar of Kikubaaqudgha.
  1655 | D:3      | Noticed a vampire bat
  1655 | D:3      | Noticed a vampire bat
  1655 | D:3      | Noticed a vampire bat
  1675 | D:3      | Gained mutation: Your magical capacity is low. (-10% MP)
                  | [potion of mutation]
  1675 | D:3      | Gained mutation: You expend magic power (3 MP) to
                  | strengthen your wands. [potion of mutation]
  1675 | D:3      | Gained mutation: You do not regenerate when monsters are
                  | visible. [potion of mutation]
  1675 | D:3      | Lost mutation: You do not regenerate when monsters are
                  | visible. [potion of mutation]
  1686 | D:3      | Killed a vampire bat
  1687 | D:3      | Reached skill level 1 in Hexes
  1687 | D:3      | Reached XP level 3. HP: 7/15 MP: 2/5
  1689 | D:3      | Reached XP level 4. HP: 10/19 MP: 2/6
  1689 | D:3      | Lost mutation: You expend magic power (3 MP) to strengthen
                  | your wands. [potion of mutation]
  1689 | D:3      | Lost mutation: Your magical capacity is low. (-10% MP)
                  | [potion of mutation]
  1689 | D:3      | Gained mutation: Your magical capacity is low. (-10% MP)
                  | [potion of mutation]
  1689 | D:3      | Gained mutation: Your muscles are strong. (Str +4, Int/Dex
                  | -1) [potion of mutation]
  2818 | D:3      | Reached skill level 6 in Stealth
  2829 | D:3      | Reached XP level 5. HP: 22/22 MP: 5/7
  2902 | D:4      | Noticed Robin
  2925 | D:4      | Killed Robin
  3326 | D:4      | Learned a level 3 spell: Ignite Poison
  3422 | D:4      | Noticed an ogre
  3432 | D:4      | Killed an ogre
  3433 | D:4      | Gained mutation: You are covered in thick fur. (AC +2)
                  | [Felid growth]
  3433 | D:4      | Reached XP level 6. HP: 5/26 MP: 6/8
  3764 | D:4      | Found a runed translucent door.
  3766 | D:4      | Noticed decrepitue's ghost (amateur NaIE)
  3803 | D:4      | Found a runed translucent door.
  4355 | D:4      | Noticed Grinder
  4382 | D:3      | Killed Grinder
  4383 | D:3      | Reached skill level 7 in Stealth
  4383 | D:3      | Reached skill level 1 in Fire Magic
  4718 | D:4      | Found Ramoegae's Mass Market.
  4762 | D:4      | Slain by a gnoll
  4763 | D:4      | Reached XP level 5. HP: 0/22 MP: 8/8
  4798 | D:4      | HP: 1/22 [gnoll/+0 club[a gnoll bouda] (5)]
  5279 | D:4      | HP: 1/22 [gnoll/+0 spear[a gnoll bouda] (6)]
  5280 | D:4      | Slain by a gnoll

Illustrated notes

Levels and vault maps discovered:
D:1:      dpeg_arrival_stonehenge_12_columns, layout_basic,
          basic_ecumenical_altar
D:2:      layout_rooms
D:3:      layout_loops_corners, kennysheep_vampire_church
D:4:      layout_basic, ebering_ghost_sewer_f, serial_glass, glass_columns_c,
          glass_columns_a, minmay_shop_mass, uniq_grinder, uniq_robin

Skill      XL: |  1  2  3  4  5  6 |
---------------+-------------------+-----
Dodging        | 2 3 4 |  4.1
Unarmed Combat | 1 2 |  2.9
Hexes          | 1 2 |  2.7
Stealth        | 6 7 |  7.0
Transmutations | 3 |  3.2
Fighting       | 2 |  2.2
Spellcasting   | 2 |  2.0
Fire Magic     | 1 |  1.0
Poison Magic   | |  0.9
Invocations    | |  1.0

Action                   |  1- 3 |  4- 6 || total
-------------------------+-------+-------++-------
Melee: Unarmed           |    51 |    93 ||   144
       Headbutt          |     8 |    23 ||    31
       Bite              |     3 |     7 ||    10
 Cast: Beastly Appendage |    20 |    27 ||    47
  Use: Potion            |     7 |     1 ||     8
 Stab: Sleeping          |     5 |     5 ||    10
Armor: Skin              |    15 |     1 ||    16
Dodge: Dodged            |   117 |    60 ||   177
